 Dungeon Crawl Stone Soup version 0.32-a0-928-g1cae6b7ea0 (webtiles) character file.

Game seed: 17050219209590908702

3645 Sirjeffry24 the Spear-Bearer (level 10, -11/118 HPs)
             Began as a Coglin Gladiator on Apr 12, 2024.
             Was a Priest of Beogh.
             Mangled by Gorm the orc apostle
             ... wielding the +12 great mace of the Screaming Sybil {flame, Fly rPois Stlth+}
              (13 damage)
             ... on level 8 of the Dungeon.
             The game lasted 00:08:39 (7218 turns).

Sirjeffry24 the Spear-Bearer (Coglin Gladiator)     Turns: 7218, Time: 00:08:40

Health: -11/118    AC: 25    Str: 17    XL:     10   Next: 12%
Magic:  11/11      EV:  2    Int:  7    God:    Beogh [***...]
Gold:   1084       SH:  0    Dex: 20    Spells: 9/9 levels left

rFire   . . .        a - +1 trident {Wu}
rCold   . . .        m - +0 trident {Antid}
rNeg    . . .        n - melded +0 plate armour
rPois   +            c - melded +0 helmet
rElec   .            r - melded +1 cloak {rPois}
rCorr   .            g - melded +1 pair of gloves
SInv    .            (boots currently unavailable)
Will    .....        (amulet unavailable)
Stlth   ++           (ring unavailable)
HPRegen 0.39/turn    (ring unavailable)
MPRegen 0.12/turn    (no gizmo)

%: no passive effects
@: mighty, tree-form, hasted, revved, very quick
A: stationary, stasis, torment immunity, boosted hp, off-hand wielding, slow
wielding, warmup strikes, no jewellery, agile 1, (fire resistance 1), high MP 1,
(poison resistance)
a: Invent Gizmo, Renounce Religion, Smiting


You were on level 8 of the Dungeon.
You worshipped Beogh.
Beogh was most pleased with you.
You were a tree.
You visited 1 branch of the dungeon, and saw 8 of its levels.
You also visited: Sewer.

You collected 1134 gold pieces.
You spent 50 gold pieces at shops.

Inventory:

Hand Weapons
 a - a +1 trident (weapon) {Wu}
 m - a +0 trident (offhand) {Antid}
Missiles
 d - 6 throwing nets (quivered)
 e - a javelin
 l - 3 silver javelins
Armour
 c - a +0 helmet (melded)
 g - a +1 pair of gloves (melded)
 n - a +0 plate armour (melded)
 r - a +1 cloak of poison resistance (melded)
Wands
 v - a wand of flame (47)
 w - a wand of charming (10)
 B - a wand of digging (10)
Scrolls
 f - a scroll of teleportation
 p - 3 scrolls of vulnerability
 q - a scroll of fear
 x - 2 scrolls of amnesia
Potions
 b - 5 potions of brilliance
 h - a potion of cancellation
 i - 4 potions of curing
 k - a potion of heal wounds {unknown}
 o - 3 potions of enlightenment
 s - a potion of ambrosia
 t - 2 potions of haste
 u - a potion of lignification


   Skills:
 * Level 7.6 Fighting
 + Level 8.7 Polearms
 - Level 1.8 Throwing
 * Level 6.4 Armour
 - Level 2.8 Dodging
 * Level 5.1 Evocations


You had 9 spell levels left.
You didn't know any spells.
Your spell library contained the following spells:

 Spells                   Type           Power      Damage    Failure   Level
 Apportation              Tloc           0%         N/A       43%         1
 Slow                     Hex            0%         N/A       43%         1
 Confusing Touch          Hex            0%         N/A       80%         3
 Passwall                 Erth           0%         N/A       80%         3
 Tukima's Dance           Hex            0%         N/A       80%         3
 Vampiric Draining        Necr           0%         2d6       80%         3
 Volatile Blastmotes      Fire/Tloc      0%         2d10      80%         3
 Dimensional Bullseye     Hex/Tloc       0%         N/A       99%         4
 Iskenderun's Mystic Bla Conj/Tloc 0%             2d3        (+2d1     99%         4
 Vhi's Electric Charge    Tloc/Air       0%         N/A       99%         4
 Bombard                  Conj/Erth      0%         9d1       100%        6
 Malign Gateway           Summ/Tloc      0%         N/A       100%        7
 Disjunction              Tloc           0%         N/A       100%        8


Dungeon Overview and Level Annotations

Branches:
Dungeon (8/15)             Temple (0/1) D:7            Lair (0/5) D:8
  Sewer (visited)

Altars:
Cheibriados
Elyvilon
Qazlal
Sif Muna
Yredelemnul
Zin

Shops:
D:4 *   D:6 *   D:7 *


Innate Abilities, Weirdness & Mutations

You are a tree.
Your roots penetrate the ground, keeping you stationary.
You cannot be teleported.
You are immune to unholy pain and torment.
Your maximum health is greatly increased.
Your equipment is partially melded.
Your facial features look somewhat orcish.
You can wield a second weapon in your off-hand.
It takes a long time for you to wield or remove held weapons.
Your first few attacks do less damage.
You cannot equip rings or amulets.
You are agile. (Dex +4, Str/Int -1)
((Your flesh is heat resistant. (rF+)))
You have an increased reservoir of magic. (+10% MP)
((Your system is resistant to poisons. (rPois)))


Message History

You barely miss Gorm with your +0 trident.
You closely miss Gorm with your +0 trident.
Gorm is lightly wounded.
You hit Gorm with your +1 trident.
Gorm hits you with the +12 great mace of the Screaming Sybil!
Gorm burns you.
You hit Gorm with your +1 trident.
Gorm is moderately wounded.
You closely miss Gorm with your +0 trident.
Gorm hits you but does no damage.
You hit Gorm with your +0 trident.
Gorm is moderately wounded.
You closely miss Gorm with your +1 trident.
You hit Gorm with your +0 trident.
Gorm is moderately wounded.
You hit Gorm but do no damage. Gorm hits you but does no damage.
You feel very mighty all of a sudden.
Gorm hits you with the +12 great mace of the Screaming Sybil.
* * * LOW HITPOINT WARNING * * *
Gorm burns you.
* * * LOW HITPOINT WARNING * * *
You closely miss Gorm with your +1 trident.
Gorm is moderately wounded.
You hit Gorm with your +0 trident. You hit Gorm but do no damage.
Gorm is moderately wounded.
You hit Gorm with your +1 trident.
Gorm hits you with the +12 great mace of the Screaming Sybil!!
* * * LOW HITPOINT WARNING * * *
Gorm burns you!
* * * LOW HITPOINT WARNING * * *
You puncture Gorm with your +1 trident!
Gorm is heavily wounded.
You puncture Gorm with your +0 trident!
Unknown command.
You barely miss Gorm with your +1 trident.
Gorm is severely wounded.
You hit Gorm but do no damage.
Gorm hits you with the +12 great mace of the Screaming Sybil!
You die...

#..#.##.##...##
.....##.#.....######
#..####.#..........###
#..####.#.....##.....#
........#....###.###.##.
.########.#### #)# .. .#
#. #)###.# .# #.
#o....### .# ..
#♣....$.# . #.......#
#)).....# .... ........#
... .#.......# ..#
#.#...^...# ..# .
#.......# ..# ##
######### ..#


You could see Gorm the orc apostle (divinely empowered).

Vanquished Creatures
  2 hornets (D:7)
  A wyvern (D:6)
  Sigmund (D:3)
  Edmund (D:5)
  A water moccasin (D:7)
  An acid dragon (D:6)
  An orc warrior (D:6)
  2 black bears (D:6)
  3 sky beasts
  A centaur (D:5)
  A phantom (D:7)
  A kobold brigand (Sewer)
  A weeping skull (D:6)
  A bullfrog (D:6)
  2 scorpions
  9 wights (D:8)
  4 killer bees (D:7)
  3 howler monkeys (D:7)
  4 bombardier beetles
  An orc priest (D:4)
  3 hounds
  Crazy Yiuf (D:3)
  3 sleepcaps (D:7)
  Jessica (D:3)
  Terence (D:3)
  Natasha (twice) (D:4)
  5 iguanas
  3 orc wizards
  6 adders
  A river rat (Sewer)
  3 shadow imps
  2 white imps (D:5)
  4 dart slugs
  7 orcs
  9 bats
  7 endoplasms
  4 giant cockroaches
  13 goblins
  7 hobgoblins
  4 jackals (D:4)
  11 kobolds
  4 quokkas
  2 ball pythons
  4 frilled lizards
  8 rats
  A spectral orc (D:6)
157 creatures vanquished.

Vanquished Creatures (others)
  4 orcs
4 creatures vanquished.

Grand Total: 161 creatures vanquished

Notes
Turn   | Place    | Note
-------+----------+-------------------------------------------
     0 | D:1      | Sirjeffry24 the Coglin Gladiator began the quest for the
                  | Orb.
     0 | D:1      | Reached XP level 1. HP: 16/16 MP: 1/1
   106 | D:1      | Reached XP level 2. HP: 15/22 MP: 2/2
   107 | D:1      | Reached skill level 3 in Polearms
   224 | D:1      | Reached XP level 3. HP: 8/28 MP: 3/3
   833 | D:1      | Reached skill level 1 in Armour
   900 | D:1      | Identified a scroll of acquirement
   900 | D:1      | Acquired 772 gold pieces
  1373 | D:2      | Found a shimmering blue altar of Sif Muna.
  1375 | D:2      | Reached XP level 4. HP: 34/34 MP: 4/4
  1725 | D:2      | Became a worshipper of Beogh the Shepherd
  1973 | D:3      | Noticed Jessica
  1985 | D:3      | Noticed Sigmund
  1999 | D:3      | Killed Jessica
  2099 | D:3      | Found a glowing drain.
  2132 | Sewer    | Entered a sewer
  2141 | Sewer    | Reached XP level 5. HP: 25/41 MP: 5/5
  2252 | Sewer    | Noticed a kobold brigand
  2271 | Sewer    | Killed a kobold brigand
  2272 | Sewer    | Reached skill level 4 in Polearms
  2329 | Sewer    | Found a white marble altar of Elyvilon.
  2466 | D:3      | Found a stormy altar of Qazlal.
  2528 | D:3      | Reached XP level 6. HP: 19/47 MP: 6/6
  2654 | D:3      | Reached * piety under Beogh
  2827 | D:3      | Noticed Terence
  2838 | D:3      | Killed Terence
  2971 | D:3      | Found a runed translucent door.
  2972 | D:3      | Noticed Crazy Yiuf
  3247 | D:3      | Killed Sigmund
  3248 | D:3      | Reached XP level 7. HP: 52/54 MP: 7/7
  3398 | D:3      | Killed Crazy Yiuf
  3399 | D:3      | Reached skill level 5 in Polearms
  3669 | D:4      | Noticed Natasha
  3674 | D:4      | Killed Natasha
  3696 | D:4      | Found a white marble altar of Elyvilon.
  3700 | D:4      | Gained mutation: You expend magic power (3 MP) to
                  | strengthen your wands. [potion of mutation]
  3700 | D:4      | Gained mutation: You are frail. (-10% HP) [potion of
                  | mutation]
  3700 | D:4      | Gained mutation: You possess an exceptional clarity of
                  | mind. [potion of mutation]
  3701 | D:4      | Lost mutation: You expend magic power (3 MP) to strengthen
                  | your wands. [potion of mutation]
  3701 | D:4      | Lost mutation: You possess an exceptional clarity of mind.
                  | [potion of mutation]
  3701 | D:4      | Lost mutation: You are frail. (-10% HP) [potion of
                  | mutation]
  3701 | D:4      | Gained mutation: Your flesh is heat resistant. (rF+)
                  | [potion of mutation]
  3701 | D:4      | Gained mutation: Your system is resistant to poisons.
                  | (rPois) [potion of mutation]
  3701 | D:4      | Gained mutation: You have an increased reservoir of magic.
                  | (+10% MP) [potion of mutation]
  3701 | D:4      | Gained mutation: You are agile. (Dex +4, Str/Int -1)
                  | [potion of mutation]
  3805 | D:4      | Found Esubeb's Assorted Antiques.
  3813 | D:4      | Bought 2 viscous sapphire potions for 50 gold pieces
  4047 | D:4      | Noticed Natasha
  4051 | D:4      | Killed Natasha
  4376 | D:5      | Entered Level 5 of the Dungeon
  4429 | D:5      | Reached ** piety under Beogh
  4535 | D:5      | Reached XP level 8. HP: 61/61 MP: 8/8
  4812 | D:5      | Got Sif Muna's Almanac of Direction
  4823 | D:5      | Noticed Edmund
  4841 | D:5      | Killed Edmund
  4842 | D:5      | Reached skill level 5 in Fighting
  4842 | D:5      | Reached skill level 6 in Polearms
  5291 | D:6      | Found a snail-covered altar of Cheibriados.
  5300 | D:6      | Reached skill level 5 in Armour
  5300 | D:6      | Reached skill level 1 in Evocations
  5494 | D:6      | Reached XP level 9. HP: 61/69 MP: 9/9
  5525 | D:6      | Found Zin's Purification Station.
  5525 | D:6      | Found a glowing silver altar of Zin.
  5588 | D:6      | Reached skill level 7 in Polearms
  5793 | D:6      | Found a basalt altar of Yredelemnul.
  6144 | D:7      | Noticed a hornet
  6149 | D:7      | Killed a hornet
  6190 | D:7      | Found Nogucvy's Assorted Antiques.
  6229 | D:7      | Noticed a hornet
  6233 | D:7      | Killed a hornet
  6347 | D:7      | Reached skill level 8 in Polearms
  6776 | D:7      | Found a staircase to the Ecumenical Temple.
  7015 | D:8      | Reached XP level 10. HP: 76/79 MP: 11/11
  7144 | D:8      | Found a staircase to the Lair.
  7183 | D:8      | Reached skill level 5 in Evocations
  7184 | D:8      | Reached *** piety under Beogh
  7199 | D:8      | Identified the +12 great mace of the Screaming Sybil
                  | {flame, Fly rPois Stlth+}
  7199 | D:8      | Noticed Gorm
  7216 | D:8      | HP: 1/118 [Gorm the orc apostle/the +12 great mace of the
                  | Screaming Sybil {flame, Fly rPois Stlth+} (9)]
  7218 | D:8      | Mangled by Gorm the orc apostle

Illustrated notes

Levels and vault maps discovered:
D:1:      nzn_arrival_depleted_hourglass, layout_basic, minmay_heptomino_w4
D:2:      layout_basic, basic_altar
D:3:      layout_basic, lemuel_tele_altar, gup_sewer_entry_glass,
          minmay_misc_feat_more_columns, st_stairs_8,
          minmay_misc_feat_secret_circle, chequers_jeans, uniq_sigmund,
          uniq_crazy_yiuf_cottage, uniq_terence, uniq_jessica
D:4:      layout_basic, elyvilon_altar_1, serial_shops, shop, uniq_natasha
D:5:      layout_rooms, kb_lookout_dungeons_type, uniq_edmund
D:6:      nicolae_cairo_tiling_large, layout_basic, lemuel_round_altar,
          yredelemnul_forgotten_temple_becter, zin_purify
D:7:      layout_gridville, minmay_temple_entry_glassed_door, serial_shops,
          nicolae_shop_advertising_works [nicolae_subvault_shop_adworks]
D:8:      layout_loops_cross, lair_entry_dummy, minivault_22

Skill      XL: |  1  2  3  4  5  6  7  8  9 10 |
---------------+-------------------------------+-----
Polearms       | 3 4 5 6 8 |  8.7
Armour         | 1 2 3 4 5 6 |  6.4
Fighting       | 3 4 5 7 |  7.6
Evocations     | 2 4 5 |  5.1
Throwing       | |  1.8
Dodging        | |  2.8

Action                     |  1- 3 |  4- 6 |  7- 9 | 10-12 || total
---------------------------+-------+-------+-------+-------++-------
  Melee: Trident           |   105 |   177 |   483 |    79 ||   844
  Throw: Throwing net      |       |       |     1 |       ||     1
 Invoke: Convert to Beogh  |       |     1 |       |       ||     1
  Evoke: Wand              |       |       |     6 |     2 ||     8
    Use: Scroll            |     7 |     4 |    10 |       ||    21
         Potion            |       |     1 |     5 |     3 ||     9
   Stab: Sleeping          |     4 |       |       |       ||     4
         Held in net/web   |       |       |     2 |       ||     2
 Armour: Leather armour    |    49 |       |       |       ||    49
         Chain mail        |     1 |     2 |       |       ||     3
         Plate armour      |       |    74 |   215 |    19 ||   308
         Skin              |       |       |    12 |     9 ||    21
  Dodge: Dodged            |    49 |    16 |    58 |     9 ||   132

Table legend: (Time is in decaauts)
 A = Elapsed time spent in this place.
 B = Non-inter-level travel time spent in this place.
 C = Inter-level travel time spent in this place.
 D = Time resting spent in this place.
 E = Time spent auto-exploring this place.
 F = Levels seen in this place.
 G = Mean time per level.
                   A        B        C        D        E       F      G
               +--------+--------+--------+--------+--------+-----+--------+
         Total |   7261 |   7106 |    155 |    325 |   5336 |   9 |  806.8 |
       Dungeon |   6984 |   6829 |    155 |    325 |   5127 |   8 |  873.0 |
         Sewer |    277 |    277 |      0 |      0 |    209 |   1 |  277.0 |
               +--------+--------+--------+--------+--------+-----+--------+

Top non-repeatable levels by time:
     D:3: 1272 daAuts
     D:2: 1109 daAuts
     D:6: 1080 daAuts
     D:1: 914 daAuts
     D:4: 863 daAuts
     D:5: 799 daAuts
     D:7: 703 daAuts
   Sewer: 277 daAuts
     D:8: 242 daAuts
